AoeStats
← Lil Fabrice

Black Forest

510297616Analyzed
4v4 RM · 2d ago on Sep 30, 2026· 41m 35s· 8 players
Game mode
Random Map
Map size
Large (8 player)
Population
200
Speed
Normal
Resources
Standard
Victory
Conquest
Starting age
Dark Age
Ending age
Imperial Age
RankedLock teamsTeams togetherTeam positionsShared explorationLock speedFull tech treeHidden civsTurbo modeCheats
Victory
Defeat
1608
+14
🇧🇷 Persians · Brazil
1553
+16
🇯🇵 Teutons · Japan
1469
+20
🇯🇵 Mongols · Japan
1457
+20
🇫🇷 Japanese · France
1690
-22
🇫🇷 Dravidians · France
1586
-19
🇫🇷 Mongols · France
1561
-18
🇫🇷 Lithuanians · France
1381
-11
happikon.6139
0:35 Loom
9:44 Feudal Age
10:27 Man-at-Arms
15:04 Double-Bit Axe
17:49 Horse Collar
23:40 Castle Age
23:03 Stone Mining
24:02 Wheelbarrow
24:49 Bow Saw
24:40 Heavy Plow
27:40 Gold Mining
28:39 Hand Cart
28:13 Town Watch
34:09 Imperial Age
32:18 Caravan
32:48 Scale Mail Armor
34:00 Stone Mining
34:45 Scale Mail Armor
34:56 Forging
34:10 Onager
37:31 Chemistry
37:07 Padded Archer Armor
37:24 Chain Mail Armor
37:20 Capped Ram
37:23 Siege Onager
39:42 Leather Archer Armor
39:19 Fletching
40:59 Iron Casting
40:58 Ring Archer Armor
EM
11:32 Feudal Age
15:12 Castle Age
13:02 Double-Bit Axe
13:11 Horse Collar
13:55 Gold Mining
16:06 Bow Saw
16:11 Heavy Plow
19:25 Stone Mining
21:12 Wheelbarrow
20:23 Loom
21:06 Fervor
22:52 Hand Cart
23:54 Gold Shaft Mining
23:55 Stone Shaft Mining
30:01 Imperial Age
27:33 Fletching
28:07 Bloodlines
28:22 Bodkin Arrow
28:43 Husbandry
28:45 Padded Archer Armor
29:09 Ballistics
29:35 Thumb Ring
29:33 Elite Skirmisher
30:53 Bracer
30:24 Elite Mangudai
31:24 Leather Archer Armor
32:19 Conscription
32:20 Drill
33:07 Parthian Tactics
32:23 Capped Ram
35:59 Chemistry
34:54 Siege Ram
37:00 Light Cavalry
37:48 Scale Barding Armor
41:46 Chain Barding Armor
BruToO
4:54 Loom
11:45 Feudal Age
15:32 Castle Age
14:24 Double-Bit Axe
16:57 Horse Collar
19:14 Fishing Lines
22:46 Gold Mining
23:49 Wheelbarrow
24:56 Bow Saw
25:55 Hand Cart
25:44 Heavy Plow
29:06 Imperial Age
26:39 Gillnets
26:51 Stone Mining
27:18 Scale Barding Armor
28:36 Chain Barding Armor
28:51 Forging
28:59 Elite War Elephant
30:15 Plate Barding Armor
29:43 Husbandry
29:54 Bloodlines
31:34 Two-Man Saw
31:05 Crop Rotation
30:57 Conscription
31:30 Iron Casting
32:56 Gold Shaft Mining
33:52 Blast Furnace
35:39 Caravan
35:56 Devotion
37:24 Hoardings
36:50 Kamandaran
37:00 Citadels
36:24 Capped Ram
37:35 Siege Ram
39:00 Faith
41:03 Fletching
我一日三十分寝男
6:36 Loom
10:06 Feudal Age
10:46 Double-Bit Axe
16:21 Castle Age
14:30 Gold Mining
17:12 Bow Saw
20:45 Horse Collar
24:43 Wheelbarrow
24:13 Town Watch
25:26 Heavy Plow
25:19 Stone Mining
26:58 Hand Cart
28:01 Gold Shaft Mining
30:18 Imperial Age
28:14 Scale Mail Armor
28:25 Forging
28:08 Pikeman
28:49 Squires
29:41 Chain Mail Armor
29:13 Arson
31:35 Plate Mail Armor
31:40 Iron Casting
30:56 Fletching
31:21 Onager
31:24 Halberdier
37:36 Siege Engineers
36:53 Siege Onager
37:58 Conscription
41:36 Blast Furnace
41:18 Ballistics
Lil Fabrice
12:28 Feudal Age
16:11 Castle Age
14:29 Double-Bit Axe
14:59 Fishing Lines
17:23 Bow Saw
20:25 Wheelbarrow
19:50 Gillnets
22:03 Gold Mining
23:21 Stone Mining
24:45 Hand Cart
25:32 Padded Archer Armor
25:23 Fletching
28:09 Imperial Age
25:24 Loom
27:02 Ballistics
27:14 Bodkin Arrow
27:34 Leather Archer Armor
28:00 Medical Corps
27:59 Caravan
28:29 Coinage
28:32 Thumb Ring
28:27 Town Watch
29:21 Conscription
28:58 Elite Elephant Archer
30:09 Bracer
32:47 Chemistry
33:42 Ring Archer Armor
36:06 Bombard Tower
39:27 Squires
40:32 Banking
iFxrY
2:33 Loom
8:53 Feudal Age
8:55 Man-at-Arms
9:45 Arson
14:24 Double-Bit Axe
17:30 Town Watch
21:11 Castle Age
19:26 Horse Collar
19:37 Gold Mining
19:49 Stone Mining
22:10 Bow Saw
23:52 Heavy Plow
25:41 Wheelbarrow
26:16 Gold Shaft Mining
28:10 Hand Cart
28:25 Fishing Lines
30:01 Scale Mail Armor
34:19 Imperial Age
32:24 Chain Mail Armor
32:28 Forging
33:02 Squires
34:44 Iron Casting
34:20 Gillnets
34:43 Yasama
34:34 Fletching
34:39 Guard Tower
34:23 Elite Samurai
36:16 Plate Mail Armor
37:01 Conscription
38:18 Keep
38:04 Ballistics
37:40 Bodkin Arrow
39:11 Blast Furnace
38:04 Arrowslits
39:26 Chemistry
39:21 Bracer
Balgrodor
3:33 Loom
10:26 Feudal Age
10:39 Man-at-Arms
15:29 Fletching
16:52 Double-Bit Axe
18:28 Wheelbarrow
23:06 Castle Age
20:52 Fishing Lines
21:29 Horse Collar
24:02 Bow Saw
24:22 Gillnets
27:21 Heavy Plow
28:09 Town Watch
28:48 Hand Cart
29:41 Stone Mining
29:42 Gold Mining
31:12 Stone Shaft Mining
32:34 Gold Shaft Mining
33:58 Bodkin Arrow
baug
9:15 Loom
11:01 Feudal Age
15:04 Castle Age
14:19 Scale Barding Armor
16:44 Wheelbarrow
17:46 Double-Bit Axe
19:29 Bow Saw
21:22 Horse Collar
25:08 Hand Cart
25:04 Gold Mining
25:05 Stone Mining
25:19 Heavy Plow
29:19 Chain Barding Armor
29:10 Forging
32:30 Imperial Age
30:30 Bloodlines
30:20 Husbandry
30:30 Pikeman
31:12 Squires
31:44 Light Cavalry
32:12 Arson
33:05 Iron Casting
32:58 Cavalier
33:01 Winged Hussar
33:03 Halberdier
35:10 Scale Mail Armor
35:46 Plate Barding Armor
35:53 Plate Barding Armor
37:16 Chain Mail Armor
37:26 Conscription
36:29 Elite Leitis
37:47 Fletching
Connection lost

Rejoining the realm…

Still unreachable

The connection could not be restored.

Session expired

The server has moved on; the page needs a fresh start.